Map: Prion Terraces

Players

LilDicky

  • Race: Terran Terran
  • League: Diamond

Fentoyal - Winner!

  • Race: Terran Terran
  • League: Diamond

VOD

http://www.twitch.tv/tumescentpie

Description

Time

  • Played on: Nov. 28, 2015, 12:51 a.m.
  • Length: 3:40
Show
View Real Time Build Order
Export as new Build Order

LilDicky Terran 

Build Orders:  

Get SALT Encoding   

  12  0:02  SCV  
  13  0:14  SCV  
  13  0:17  Supply Depot  
  14  0:26  SCV  
  15  0:30  Refinery  
  15  0:39  SCV  
  16  0:46  Barracks  
  16  0:51  SCV  
  17  1:03  SCV  
  18  1:21  SCV  
  19  1:35  Reaper  
  19  1:36  Barracks  
  19  1:38  Supply Depot, Barracks  
  20  1:49  Refinery  
  19  2:04  Orbital Command  
  19  2:08  Reaper  
  20  2:24  Reaper  
  21  2:33  Reaper  
  21  2:34  SCV  
  23  2:40  Reaper  
  24  2:56  Reaper  
  24  3:05  Reaper  
Show
View Real Time Build Order
Export as new Build Order

Fentoyal Terran - Winner!

Build Orders:  

Get SALT Encoding   

  12  0:01  SCV  
  13  0:15  Supply Depot  
  13  0:18  SCV  
  14  0:30  Refinery  
  14  0:31  SCV  
  15  0:43  Barracks  
  15  0:49  SCV  
  16  1:01  SCV  
  17  1:11  Barracks  
  17  1:13  SCV  
  18  1:25  SCV  
  18  1:30  Reaper  
  20  1:38  Orbital Command  
  20  1:47  Supply Depot  
  20  2:00  Barracks  
  20  2:02  Reaper  
  20  2:07  Reaper  
  22  2:15  Barracks  
  22  2:34  Reaper  
  23  2:40  Reaper  
  24  2:45  SCV  
  24  2:49  Reaper  
Tags
 
Add a new tag
Caveats
  • Supply blocks, unpowered buildings, or Contaminate may cause inaccurate times.
  • Supply counts are checked every 10 seconds.